 Dungeon Crawl Stone Soup version 0.27-a0-1301-g128193abf8 (webtiles) character file.

Game seed: 18200173695946076676

5259 freelancePsychic the Martial Artist (level 10, -9/74 HPs)
             Began as a Demonspawn Artificer on June 17, 2021.
             Was a Believer of Uskayaw.
             Mangled by a two-headed ogre (21 damage)
             ... on level 9 of the Dungeon.
             The game lasted 00:21:51 (10284 turns).

freelancePsychic the Martial Artist (DsAr)         Turns: 10284, Time: 00:21:51

Health: -9/74      AC:  8    Str: 14    XL:     10   Next: 36%
Magic:  10/10      EV:  7    Int: 14    God:    Uskayaw [**....]
Gold:   601        SH: 18    Dex: 14    Spells: 3/9 levels left

rFire    . . .     SeeInvis .     - Unarmed
rCold    . . .     Faith    .   m - +1 tower shield
rNeg     . . .     Spirit   .   b - +0 leather armour
rPois    .         Reflect  .   (helmet restricted)
rElec    .         Harm     .   s - +0 cloak
rCorr    .         Rampage  .   (no gloves)
Will     .....                  (no boots)
Stlth    +.........             (no amulet)
HPRegen  0.22/turn              j - +4 ring of protection
MPRegen  0.12/turn              (no ring)

@: studying Unarmed Combat
A: claws 2, hooves 1, horns 2, powered by death 1, condensation shield
a: Renounce Religion, Stomp, Line Pass


You were on level 9 of the Dungeon.
You worshipped Uskayaw.
Uskayaw was noncommittal.
You visited 2 branches of the dungeon, and saw 10 of its levels.
You also visited: Bailey.

You collected 601 gold pieces.

Inventory:

Hand Weapons
 a - a +5 hunting sling of freezing
Missiles
 h - 248 stones
 l - 44 sling bullets
 B - 2 curare-tipped darts (quivered)
 C - 8 atropa-tipped darts
Armour
 b - a +0 leather armour (worn)
 m - a +1 tower shield (worn)
 s - a +0 cloak (worn)
Jewellery
 j - a +4 ring of protection (left claw)
 v - a +6 ring of strength
 y - a ring of willpower
 G - a +6 ring of intelligence
Wands
 c - a wand of flame (13)
 d - a wand of charming (8)
 p - a wand of mindburst (7)
 w - a wand of iceblast (10)
Scrolls
 f - a scroll of silence
 i - 3 scrolls of vulnerability
 t - a scroll of fear
 x - a scroll of enchant armour
 z - 4 scrolls of fog
 D - a scroll of teleportation {@r4}
 E - a scroll of identify {@r1}
Potions
 g - 3 potions of mutation {unknown}
 k - 3 potions of attraction
 n - 4 potions of heal wounds {unknown}
 o - 3 potions of brilliance {unknown}
 q - 4 potions of flight {unknown}
 r - 2 potions of degeneration {unknown}
 u - a potion of invisibility {unknown}
 A - a potion of resistance {unknown}
 F - a potion of haste {unknown}
Miscellaneous
 e - a piece from Xom's chessboard (15/15)


   Skills:
 - Level 5.1 Fighting
 - Level 3.2 Slings
 - Level 1.7 Armour
 - Level 0.8 Dodging
 - Level 0.8 Stealth
 - Level 3.7 Shields
 - Level 12.0 Unarmed Combat
 + Level 5.7 Transmutations
 + Level 5.7 Earth Magic
 - Level 1.3 Invocations
 - Level 3.0 Evocations


You had 3 spell levels left.
You knew the following spells:

 Your Spells              Type           Power      Damage    Failure   Level
a - Statue Form           Tmut/Erth      10%        N/A       100%        6

Your spell library contained the following spells:

 Spells                   Type           Power      Damage    Failure   Level
 Blade Hands              Tmut           8%         N/A       100%        5
 Irradiate                Conj/Tmut      4%         3d14      100%        5
 Dragon Form              Tmut           8%         N/A       100%        7
 Storm Form               Tmut/Air       4%         N/A       100%        7


Dungeon Overview and Level Annotations

Branches:
Dungeon (9/15)             Temple (1/1) D:5          Bailey (visited)
   Lair: D:8-11         Orc: D:9-12

Altars:
Ashenzari
Cheibriados
Dithmenos
Elyvilon
Fedhas
Gozag
Hepliaklqana
Kikubaaqudgha
Makhleb
Nemelex Xobeh
Okawaru
Qazlal
Ru
Sif Muna
Trog
Uskayaw
Vehumet
Wu Jian
Xom
Yredelemnul
Zin
The Shining One

Shops:
D:5 (

Annotations:
D:6 Sobieck's ghost, novice HOAK
D:7 2 transporters


Innate Abilities, Weirdness & Mutations

You have very sharp fingernails.
You have large cloven feet.
You have a pair of horns on your head.
You regenerate a little health from kills.
A meltable shield of frost defends you. (SH +4)


Message History

The sling bullet completely misses the two-headed ogre.
The two-headed ogre barely misses you.
The two-headed ogre hits you with a +0 giant club!
Your +5 hunting sling of freezing stops glowing.
You are now empty-clawed.
You claw the two-headed ogre! Your kick misses the two-headed ogre.
The two-headed ogre is moderately wounded.
You block the two-headed ogre's attack.
The two-headed ogre hits you with a +0 giant club!
You scratch the two-headed ogre but do no damage.
You headbutt the two-headed ogre.
The two-headed ogre is moderately wounded.
You block the two-headed ogre's attack.
The two-headed ogre hits you with a +0 giant club!
You claw the two-headed ogre! Your kick misses the two-headed ogre.
The two-headed ogre is severely wounded.
You block the two-headed ogre's attack. x2
You can now pass through a line of other dancers.
You completely miss the two-headed ogre.
You kick the two-headed ogre. You headbutt the two-headed ogre.
The two-headed ogre is severely wounded.
The two-headed ogre hits you with a +0 giant club!
The two-headed ogre barely misses you.
You barely miss the two-headed ogre.
The two-headed ogre is severely wounded.
You block the two-headed ogre's attack.
The two-headed ogre hits you with a +0 giant club!
* * * LOW HITPOINT WARNING * * *
Throw: 4 darts (curare)
Press: ? - help, Q - select action, (/) - cycle Shift-Dir - straight line, f/p - two-headed ogre
Aim: a two-headed ogre, wielding two +0 giant clubs (severely wounded, 75% to hit)
You throw a curare-tipped dart.
The curare-tipped dart barely misses the two-headed ogre.
Throw: 3 darts (curare)
Press: ? - help, Q - select action, (/) - cycle Shift-Dir - straight line, f/p - two-headed ogre
Aim: a two-headed ogre, wielding two +0 giant clubs (severely wounded, 75% to hit)
You throw a curare-tipped dart.
The curare-tipped dart barely misses the two-headed ogre.
The two-headed ogre hits you with a +0 giant club!!
You die...

########## #........#
#........#
#######........#
#..............#
#.)............####
..................#
..................###
.(.(.....O@.........#
.....######.........#
... #....#.........#
. #....###....####
##......#....# #..
#.......#....# ##..
#.......#....#####
....?
#.......#........#
.....
#...#####........#


You could see a two-headed ogre.

Vanquished Creatures
  2 two-headed ogres (D:8)
  Grinder (D:3)
  3 yaks (D:8)
  2 steam dragons
  2 water moccasins
  4 orc warriors
  3 ice beasts
  4 black bears
  An ogre (D:5)
  A centaur (D:8)
  A phantom (D:4)
  Blork the orc (D:6)
  A wyvern zombie (D:6)
  A water moccasin zombie (D:6)
  4 scorpions
  2 killer bees (D:9)
  5 orc priests
  5 hounds
  A jelly (D:6)
  A centaur skeleton (D:7)
  A gnoll shaman (D:9)
  Jessica (D:2)
  A bullfrog skeleton (D:5)
  8 orc wizards
  2 killer bee zombies
  A hound zombie (D:5)
  2 howler monkey zombies
  A howler monkey skeleton (D:6)
  13 gnolls
  5 adders
  A shadow imp (D:6)
  A white imp (D:6)
  2 ufetubi
  3 worms
  27 orcs
  3 ball pythons
  5 endoplasms
  A giant cockroach (D:1)
  14 goblins
  5 hobgoblins
  5 jackals
  7 kobolds
  4 quokkas
  3 training dummies (D:5)
  7 bats
  2 frilled lizards
  5 rats
175 creatures vanquished.

Vanquished Creatures (collateral kills)
  2 killer bees (D:9)
2 creatures vanquished.

Vanquished Creatures (others)
  A killer bee (D:9)
  A howler monkey skeleton (D:5)
2 creatures vanquished.

Grand Total: 179 creatures vanquished

Notes
Turn   | Place    | Note
-------+----------+-------------------------------------------
     0 | D:1      | freelancePsychic the Demonspawn Artificer began the quest
                  | for the Orb.
     0 | D:1      | Reached XP level 1. HP: 15/15 MP: 1/1
   330 | D:1      | Gained mutation: You have a pair of small horns on your
                  | head. [demonic ancestry]
   330 | D:1      | Reached XP level 2. HP: 21/22 MP: 2/2
   356 | D:1      | Reached skill level 1 in Slings
  1215 | D:2      | Gained mutation: A meltable shield of frost defends you.
                  | (SH +4) [demonic ancestry]
  1215 | D:2      | Reached XP level 3. HP: 27/27 MP: 3/3
  1409 | D:2      | Noticed Jessica
  1441 | D:2      | Killed Jessica
  1756 | D:2      | Gained mutation: You have a pair of horns on your head.
                  | [demonic ancestry]
  1756 | D:2      | Reached XP level 4. HP: 34/34 MP: 4/4
  2273 | D:3      | Noticed Grinder
  2275 | D:3      | Paralysed by Grinder for 2 turns
  2290 | D:3      | Paralysed by Grinder for 5 turns
  2303 | D:3      | Killed Grinder
  2304 | D:3      | Gained mutation: You have sharp fingernails. [demonic
                  | ancestry]
  2304 | D:3      | Reached XP level 5. HP: 4/42 MP: 5/5
  2304 | D:3      | Gained mutation: You have very sharp fingernails. [demonic
                  | ancestry]
  2304 | D:3      | Reached XP level 6. HP: 4/48 MP: 6/6
  3079 | D:3      | Found a broken altar of Ashenzari.
  3363 | D:4      | Noticed an acid dragon
  3436 | D:4      | Reached skill level 1 in Unarmed Combat
  3903 | D:4      | Found a shimmering altar of Xom.
  4276 | D:4      | Reached skill level 2 in Unarmed Combat
  4400 | D:5      | Entered Level 5 of the Dungeon
  4573 | D:5      | Reached XP level 7. HP: 35/55 MP: 7/7
  4791 | D:5      | Reached skill level 3 in Unarmed Combat
  4972 | D:5      | Reached skill level 4 in Unarmed Combat
  5131 | D:5      | Found Lunipn's Firing Range.
  5330 | D:5      | Found a staircase to the Ecumenical Temple.
  5339 | Temple   | Entered the Ecumenical Temple
  5403 | Temple   | Became a worshipper of Uskayaw the Reveller
  5567 | D:6      | Found a transporter.
  5568 | D:6      | Noticed Sobieck's ghost (novice HOAK)
  5571 | D:6      | Reached * piety under Uskayaw
  5575 | D:6      | Reached ** piety under Uskayaw
  5576 | D:6      | Reached skill level 5 in Fighting
  5576 | D:6      | Reached skill level 5 in Unarmed Combat
  5657 | D:6      | Reached skill level 1 in Invocations
  5730 | D:6      | Found a transporter.
  5733 | D:6      | Identified the +2 dire flail of Causality {spect, Will+}
  5733 | D:6      | Noticed a two-headed ogre
  5882 | D:6      | Gained mutation: You have large cloven feet. [demonic
                  | ancestry]
  5882 | D:6      | Reached XP level 8. HP: 59/62 MP: 8/8
  5953 | D:6      | Noticed Blork the orc
  5962 | D:6      | Killed Blork the orc
  5963 | D:6      | Reached skill level 6 in Unarmed Combat
  5963 | D:6      | Reached skill level 1 in Transmutations
  5963 | D:6      | Reached skill level 1 in Earth Magic
  6223 | D:6      | Reached *** piety under Uskayaw
  6225 | D:6      | Reached **** piety under Uskayaw
  6230 | D:6      | Reached ***** piety under Uskayaw
  6231 | D:6      | Reached skill level 7 in Unarmed Combat
  6371 | D:6      | Reached skill level 8 in Unarmed Combat
  6828 | D:6      | Learned a level 6 spell: Statue Form
  6999 | D:7      | Found a transporter.
  7000 | D:7      | Noticed a boulder beetle
  7172 | D:7      | Found a transporter.
  7173 | D:7      | Noticed a tengu warrior
  7198 | D:7      | Gained mutation: You regenerate a little health from kills.
                  | [demonic ancestry]
  7198 | D:7      | Reached XP level 9. HP: 61/68 MP: 9/9
  7240 | D:7      | Found a sparkling altar of Nemelex Xobeh.
  7383 | D:7      | Reached skill level 9 in Unarmed Combat
  7832 | D:7      | Found a burning altar of Makhleb.
  7996 | D:8      | Noticed a two-headed ogre
  8048 | D:8      | Noticed a two-headed ogre
  8132 | D:8      | Killed a two-headed ogre
  8133 | D:8      | Reached skill level 10 in Unarmed Combat
  8267 | D:8      | Found a flagged portal.
  8292 | D:8      | Killed a two-headed ogre
  8293 | D:8      | Reached skill level 11 in Unarmed Combat
  8344 | Bailey   | Entered a bailey
  8505 | Bailey   | Noticed an orc knight
  8513 | Bailey   | Reached XP level 10. HP: 66/74 MP: 10/10
  9051 | D:8      | Reached skill level 5 in Transmutations
  9051 | D:8      | Reached skill level 5 in Earth Magic
  9345 | D:8      | Reached skill level 12 in Unarmed Combat
 10271 | D:9      | Noticed a two-headed ogre
 10284 | D:9      | Mangled by a two-headed ogre

Illustrated notes

Levels and vault maps discovered:
D:1:      dpeg_arrival_simpleton_a, layout_basic
D:2:      layout_basic, minmay_tetromino_o4, uniq_jessica
D:3:      layout_loops_corners, old_standard_altar, uniq_grinder
D:4:      layout_cave_pods, lemuel_round_altar, st_stairs_11, uniq_duvessa
D:5:      layout_basic, lemuel_temple_firewalk_b, nicolae_shop_firing_range
D:6:      layout_loops_ring, elyvilon_altar_1, gammafunk_ghost_smash,
          minmay_ruined_shrine, uniq_blork_the_orc
D:7:      layout_basic, gammafunk_temple_overflow_arena, general_overflow_altar,
          minmay_misc_feat_tower
D:8:      layout_loops_ring, nicolae_overflow_hidden_temple,
          lightli_bailey_entry_fortress, kennysheep_path_1
D:9:      layout_irregular_city
Temple:   nicolae_temple_x_marks_the_god

Skill      XL: |  1  2  3  4  5  6  7  8  9 10 |
---------------+-------------------------------+-----
Slings         | 1 2 3 |  3.2
Fighting       | 2 3 4 5 |  5.1
Shields        | 2 3 |  3.7
Unarmed Combat | 2 5 8 11 12 | 12.0
Invocations    | 1 |  1.3
Transmutations | 3 4 5 |  5.7
Earth Magic    | 3 4 5 |  5.7
Armour         | |  1.7
Dodging        | |  0.8
Stealth        | |  0.8
Evocations     | |  3.0

Action                   |  1- 3 |  4- 6 |  7- 9 | 10-12 || total
-------------------------+-------+-------+-------+-------++-------
Melee: Club              |     3 |       |       |       ||     3
       Unarmed           |    11 |    79 |   240 |    45 ||   375
       Headbutt          |       |    13 |    44 |     9 ||    66
       Hunting sling     |       |     1 |       |       ||     1
       Kick              |       |       |    35 |    13 ||    48
 Fire: Hunting sling     |   127 |   130 |    39 |    81 ||   377
Throw: Dart              |       |       |     7 |     2 ||     9
       Throwing net      |       |       |     1 |       ||     1
Evoke: Wand              |       |       |     2 |     9 ||    11
  Use: Scroll            |     2 |     3 |     9 |     2 ||    16
       Potion            |     1 |     1 |     2 |       ||     4
 Stab: Paralysed         |       |       |     3 |     2 ||     5
Armor: Leather armour    |    13 |    43 |    86 |    29 ||   171
       Skin              |     5 |     1 |       |       ||     6
Dodge: Dodged            |    35 |    20 |    42 |    21 ||   118
Block: Other             |     2 |     6 |       |       ||     8
       Tower shield      |       |   113 |   222 |   112 ||   447

Table legend: (Time is in decaauts)
 A = Elapsed time spent in this place.
 B = Non-inter-level travel time spent in this place.
 C = Inter-level travel time spent in this place.
 D = Time resting spent in this place.
 E = Time spent auto-exploring this place.
 F = Levels seen in this place.
 G = Mean time per level.
                   A        B        C        D        E       F      G
               +--------+--------+--------+--------+--------+-----+--------+
         Total |  10529 |  10191 |    338 |   1451 |   6650 |  11 |  957.2 |
       Dungeon |  10280 |   9950 |    330 |   1295 |   6650 |   9 | 1142.2 |
        Temple |     72 |     64 |      8 |      0 |      0 |   1 |   72.0 |
        Bailey |    176 |    176 |      0 |    156 |      0 |   1 |  176.0 |
               +--------+--------+--------+--------+--------+-----+--------+

Top non-repeatable levels by time:
     D:8: 1517 daAuts
     D:6: 1358 daAuts
     D:3: 1323 daAuts
     D:2: 1220 daAuts
     D:5: 1114 daAuts
     D:7: 1108 daAuts
     D:4: 1010 daAuts
     D:1: 934 daAuts
     D:9: 692 daAuts
  Bailey: 176 daAuts
  Temple: 72 daAuts
